 Dungeon Crawl Stone Soup version 0.28.0-49-g6dfe1f597d (webtiles) character file.

Game seed: 2544859035835008191

388 pbellow the Chopper (level 6, 0/55 HPs)
             Began as a Hill Orc Fighter on May 15, 2022.
             Slain by a gnoll shaman
             ... wielding a +0 whip
              (6 damage)
             ... on level 5 of the Dungeon.
             The game lasted 00:09:44 (5269 turns).

pbellow the Chopper (Hill Orc Fighter)              Turns: 5269, Time: 00:09:45

Health: 0/55       AC:  9    Str: 18 (19) XL:     6   Next: 79%
Magic:  6/6        EV:  7    Int:  7 (8)  God:
Gold:   207        SH:  5    Dex:  9 (10) Spells: 5/5 levels left

rFire   . . .      SeeInvis .   a - +0 war axe
rCold   . . .      Faith    .   c - +1 buckler
rNeg    . . .      Spirit   .   h - +0 chain mail
rPois   .          Reflect  .   (no helmet)
rElec   .          Harm     .   (no cloak)
rCorr   .          Rampage  .   (no gloves)
Will    .....                   (no boots)
Stlth   ..........              (no amulet)
HPRegen 0.18/turn               (no ring)
MPRegen 0.10/turn               (no ring)

@: lit by a corona, glowing
A: deterioration 1, weak 1, subdued magic 1, noise suppression
a: no special abilities


You were on level 5 of the Dungeon.
You visited 1 branch of the dungeon, and saw 5 of its levels.

You collected 207 gold pieces.

Inventory:

Hand Weapons
 a - a +0 war axe (weapon)
Armour
 b - a +0 scale mail
 c - a +1 buckler (worn)
 h - a +0 chain mail (worn)
Wands
 j - a wand of acid (6)
 n - a wand of iceblast (3)
Scrolls
 d - a scroll of fear {unknown}
 e - 2 scrolls of noise
 f - a scroll of teleportation {unknown}
 g - a scroll of identify {unknown}
 k - a scroll of acquirement {unknown}
 m - a scroll of amnesia {unknown}
Potions
 i - a potion of attraction {unknown}
 l - a potion of curing


   Skills:
 + Level 4.8 Fighting
 + Level 6.0 Axes
 + Level 5.0 Armour
 + Level 1.5 Dodging
 + Level 0.3 Stealth
 + Level 3.8 Shields


You had 5 spell levels left.
You didn't know any spells.
Your spell library was empty.

Dungeon Overview and Level Annotations

Branches:
Dungeon (5/15)             Temple (0/1) D:5

Altars:
Gozag
Okawaru
Yredelemnul

Shops:
D:2 ?   D:4 :


Innate Abilities, Weirdness & Mutations

Your body sometimes deteriorates upon taking damage.
You are weak. (Str -2)
Your spells are a little easier to cast, but a little less powerful.
You passively dampen the noise of your surroundings.


Message History

The gnoll barely misses you.
The gnoll shaman mumbles some strange prayers to its god against you.
You resist with some effort. The gnoll barely misses you.
Your Armour skill increases to level 5!
You closely miss the gnoll.
The gnoll is almost dead.
You closely miss the gnoll. The gnoll hits you with a +0 flail.
Your body deteriorates!
You feel dopey. The gnoll hits you with a +0 flail.
* * * LOW HITPOINT WARNING * * *
The gnoll hits you with a +0 halberd.
* * * LOW HITPOINT WARNING * * *
You hit the gnoll but do no damage.
The gnoll is almost dead.
You barely miss the gnoll shaman. You barely miss the gnoll.
The gnoll closely misses you.
The gnoll shaman mumbles some strange prayers to its god against you.
You resist with some effort. You block the gnoll's attack.
The gnoll hits you with a +0 flail.
* * * LOW HITPOINT WARNING * * *
You slash the gnoll!
You kill the gnoll!
You hit the gnoll shaman. You hit the gnoll.
You kill the gnoll!
The gnoll shaman barely misses you.
The gnoll shaman hits you with a +0 whip.
* * * LOW HITPOINT WARNING * * *
Your Axes skill increases to level 6!
The gnoll shaman calls down the wrath of its god upon you.
You are outlined in light.
Things that are here:
a +0 flail; a green potion You slash the gnoll shaman!
The gnoll shaman is severely wounded.
The gnoll shaman hits you with a +0 whip.
* * * LOW HITPOINT WARNING * * *
You completely miss the gnoll shaman.
The gnoll shaman is severely wounded.
The gnoll shaman hits you with a +0 whip.
You die...

. .##... #.
..#.#.....##### #
..#.###........ ..
##.##...###...... #.
###..#........#....
#..##...##..>..##......
.....#....)...#..###'#
#.##....###...##.## #.#
#.....@)..###.#..# #.#
....###g(....#.#.## #.#
. ######.....# #.#
##.#.## #.. #...# ###
#####


You could see a gnoll shaman.

Vanquished Creatures
  A bullfrog (D:5)
  A scorpion (D:4)
  A water moccasin skeleton (D:4)
  3 hound skeletons
  6 adders
  3 gnolls (D:5)
  A worm (D:3)
  A dart slug (D:2)
  9 orcs
  4 endoplasms
  3 giant cockroaches
  8 goblins
  12 hobgoblins
  7 jackals
  A quokka (D:1)
  5 ball pythons
  2 bats (D:3)
  14 frilled lizards
  9 kobolds
  2 rats
93 creatures vanquished.

Vanquished Creatures (others)
  A bush (D:4)
  6 plants (D:1)
7 creatures vanquished.

Grand Total: 100 creatures vanquished

Notes
Turn   | Place    | Note
-------+----------+-------------------------------------------
     0 | D:1      | pbellow the Hill Orc Fighter began the quest for the Orb.
     0 | D:1      | Reached XP level 1. HP: 19/19 MP: 1/1
   175 | D:1      | Reached XP level 2. HP: 27/27 MP: 2/2
   431 | D:1      | Reached skill level 3 in Axes
   741 | D:1      | Reached XP level 3. HP: 12/33 MP: 3/3
  1997 | D:2      | Reached skill level 4 in Axes
  2148 | D:2      | Found Ditwaf's Magic Scroll Emporium.
  2175 | D:2      | Reached XP level 4. HP: 34/40 MP: 4/4
  2569 | D:2      | You fall into a shaft and drop 1 floor!
  2668 | D:3      | Gained mutation: You are weak. (Str -2) [potion of
                  | mutation]
  2668 | D:3      | Gained mutation: Your spells are a little easier to cast,
                  | but a little less powerful. [potion of mutation]
  2668 | D:3      | Gained mutation: Your body sometimes deteriorates upon
                  | taking damage. [potion of mutation]
  2668 | D:3      | Gained mutation: You passively dampen the noise of your
                  | surroundings. [potion of mutation]
  2819 | D:3      | Found an iron altar of Okawaru.
  2848 | D:3      | Reached XP level 5. HP: 14/47 MP: 5/5
  3862 | D:4      | Reached skill level 5 in Axes
  3903 | D:4      | Found a basalt altar of Yredelemnul.
  3903 | D:4      | Found an opulent altar of Gozag.
  4014 | D:4      | Reached skill level 1 in Dodging
  4253 | D:4      | Reached XP level 6. HP: 19/53 MP: 6/6
  4651 | D:4      | Found Yxizeo's Book Boutique.
  4863 | D:5      | Entered Level 5 of the Dungeon
  5245 | D:5      | Found a staircase to the Ecumenical Temple.
  5264 | D:5      | Reached skill level 5 in Armour
  5267 | D:5      | Reached skill level 6 in Axes
  5269 | D:5      | Slain by a gnoll shaman

Illustrated notes

Levels and vault maps discovered:
D:1:      shiori_arrival_elements, layout_loops_ring, serial_co_window_serial,
          co_window_corner_a, co_window_corner_a, co_window_paths_a,
          co_window_corner_a, co_window_of_opportunity_a,
          co_window_of_opportunity_a, co_window_paths_b,
          co_window_of_opportunity_b, co_window_broadway_a,
          co_window_of_opportunity_c, co_window_paths_c,
          co_window_unsneaky_path_d, co_window_4corner_a, glass_columns_c,
          glass_columns_a, glass_columns_c, glass_columns_a,
          minmay_misc_feat_encased, minmay_lizard_king
D:2:      layout_basic, serial_shops, nicolae_shop_window_shopping
D:3:      layout_basic, kennysheep_okawaru_gauntlet
D:4:      layout_basic, gammafunk_temple_overflow_wave, serial_shops, shop,
          minmay_hedge_maze
D:5:      layout_basic, minmay_temple_entry_slanted,
          hangedman_decor_clover_reticule

Skill      XL: |  1  2  3  4  5  6 |
---------------+-------------------+-----
Fighting       | 4 |  4.8
Axes           | 3 4 5 6 |  6.0
Armour         | 4 5 |  5.0
Dodging        | 1 |  1.5
Stealth        | |  0.3
Shields        | |  3.8

Action                   |  1- 3 |  4- 6 || total
-------------------------+-------+-------++-------
Melee: War axe           |   127 |   171 ||   298
  Use: Potion            |       |     4 ||     4
       Scroll            |       |     3 ||     3
Armor: Scale mail        |    48 |    30 ||    78
       Chain mail        |       |    29 ||    29
Dodge: Dodged            |    61 |    78 ||   139
Block: Buckler           |    20 |    52 ||    72
